Map: Automaton LE

Players

susanoo - Winner!

  • Race: Zerg Zerg
  • Spawn Location: 3:00

A.I. 1 (Medium)

  • Race: Zerg Zerg
  • Spawn Location: 9:00

VOD

Have the link to the VOD?

Description

Time

  • Played on: May 17, 2019, 4:56 a.m.
  • Length: 6:38
Show
View Real Time Build Order
Export as new Build Order

susanoo Zerg - Winner!

Build Orders: Pool First, Zergling Baneling 

Get SALT Encoding   

  12  0:01  Drone  
  13  0:12  Overlord  
  13  0:18  Drone  
  14  0:31  Drone x2  
  16  0:38  Drone  
  17  0:45  Drone  
  17  0:46  Extractor  
  17  0:55  Spawning Pool  
  16  0:58  Drone  
  17  1:15  Drone  
  18  1:27  Hatchery  
  17  1:42  Zergling x4  
  17  1:43  Zergling x2  
  17  1:45  Metabolic Boost  
  20  1:57  Queen  
  22  2:06  Overlord  
  22  2:15  Baneling Nest  
  21  2:17  Zergling x2  
  22  2:26  Zergling x4  
  24  2:38  Zergling x2  
  24  2:43  Zergling x2  
  26  2:44  Queen  
  28  2:54  Zergling x2  
  28  2:57  Zergling x2  
  30  3:01  Zergling x2  
  30  3:05  Zergling x2  
  32  3:10  Baneling  
  32  3:11  Baneling x4  
  32  3:15  Zergling x2  
  33  3:25  Zergling x2  
  33  3:26  Zergling x4  
  27  3:42  Zergling x2  
  27  3:43  Zergling x6  
  28  3:52  Zergling x4  
  30  3:59  Zergling x4  
  32  4:11  Zergling x2  
  33  4:20  Zergling x6  
  28  4:42  Baneling  
  28  4:43  Baneling x6  
  28  4:48  Zergling x6  
  28  4:49  Zergling x4  
  29  5:15  Zergling x6  
  29  5:16  Zergling x4  
  29  5:17  Zergling x2  
  32  5:30  Baneling x4  
  32  5:33  Zergling x6  
  35  5:55  Zergling x6  
  35  5:56  Zergling x2  
  34  6:05  Zergling x2  
  34  6:06  Zergling x4  
  35  6:18  Zergling x2  
Show
View Real Time Build Order
Export as new Build Order

A.I. 1 (Medium) Zerg 

Build Orders: 1 Base Baneling Bust, Pool Only, Zergling Baneling 

Get SALT Encoding   

  12  0:01  Drone  
  13  0:12  Overlord  
  13  0:18  Drone  
  14  0:30  Drone  
  14  0:33  Drone  
  16  0:44  Spawning Pool  
  16  0:46  Drone  
  16  0:51  Drone  
  16  0:54  Extractor  
  16  0:56  Drone  
  17  1:06  Overlord  
  17  1:31  Zergling x2  
  18  1:33  Queen  
  18  1:37  Zergling x2  
  18  1:38  Drone  
  22  1:41  Roach Warren  
  22  1:42  Extractor  
  20  1:49  Drone  
  21  1:57  Baneling Nest  
  21  2:00  Drone  
  21  2:10  Drone  
  22  2:21  Zergling x2  
  23  2:32  Zergling x2  
  24  2:39  Overlord  
  24  2:40  Zergling x2  
  25  2:45  Zergling x2  
  27  2:51  Zergling x2  
  27  2:57  Zergling x2  
  28  3:03  Baneling x3  
  28  3:05  Zergling x2  
  29  3:11  Baneling, Overlord  
  29  3:12  Zergling x2  
  30  3:17  Zergling x2  
  31  3:23  Zergling x2  
  32  3:28  Drone  
  32  3:29  Baneling x2  
  32  3:38  Zergling x2  
  24  3:44  Zergling x2  
  24  3:50  Zergling x2  
  25  3:56  Baneling, Zergling x2  
  25  4:02  Baneling x2, Zergling x2  
  27  4:08  Zergling x2  
  28  4:13  Zergling x2  
  29  4:20  Zergling x2  
  30  4:26  Zergling x2  
  30  4:31  Baneling  
  30  4:37  Zergling x2  
  29  4:43  Baneling x3, Zergling x2  
  30  4:49  Zergling x2  
  31  4:55  Drone, Zergling x2  
  31  4:57  Evolution Chamber  
  31  4:58  Drone  
  33  5:01  Zergling x2  
  26  5:07  Baneling, Zergling x2  
  26  5:13  Baneling  
  24  5:14  Queen  
  21  5:22  Drone  
  21  5:27  Drone  
  23  5:33  Zergling x2  
  24  5:38  Zergling x2  
  25  5:44  Zergling x2  
  26  5:50  Baneling  
  22  5:57  Zergling x2  
Tags
 
Add a new tag
Caveats
  • Supply blocks, unpowered buildings, or Contaminate may cause inaccurate times.
  • Supply counts are checked every 10 seconds.